 Dungeon Crawl Stone Soup version 0.24-a0-415-g6d73c25c48 (webtiles) character file.

Game seed: 17912715409009017681

1746 Azzok the Blocker (level 9, -1/97 HPs)
             Began as a Formicid Fighter on June 7, 2019.
             Was an Initiate of Okawaru.
             Slain by a hippogriff (7 damage)
             ... on level 7 of the Dungeon.
             The game lasted 00:09:59 (6397 turns).

Azzok the Blocker (Formicid Fighter)                Turns: 6397, Time: 00:09:59

Health: -1/97      AC: 24    Str: 24    XL:     9   Next: 26%
Magic:  9/9        EV:  2    Int:  8    God:    Okawaru [......]
Gold:   242        SH: 12    Dex: 10    Spells: 8/8 levels left

rFire    . . .     SeeInvis .   a - +0 war axe
rCold    . . .     Gourm    .   c - +1 shield
rNeg     + + +     Faith    .   (armour currently unavailable)
rPois    +         Spirit   .   (helmet unavailable)
rElec    .         Reflect  .   (cloak currently unavailable)
rCorr    .         Harm     .   (gloves currently unavailable)
MR       .....                  (boots currently unavailable)
Stlth    ..........             (no amulet)
HPRegen  0.26/turn              z - ring of attention (curse)
MPRegen  0.11/turn              (no ring)

@: tree-form
A: permanent stasis, dig shafts and tunnels, four strong arms
a: Renounce Religion


You were on level 7 of the Dungeon.
You worshipped Okawaru.
Okawaru was noncommittal.
You were not hungry.
You were a tree.
You visited 2 branches of the dungeon, and saw 8 of its levels.
You also visited: Ossuary.

You collected 242 gold pieces.

Inventory:

Hand Weapons
 a - a +0 war axe (weapon)
 e - the +4 great sword "Tuzxeskio" {elec, +Fly}
   (You acquired it on level 5 of the Dungeon)

   Occasionally, upon striking a foe, it will discharge some electrical energy
   and cause terrible harm.
   It lets you fly.
 w - the +7 rapier "Igud" {antimagic, rElec, unknown}
   (You found it on level 7 of the Dungeon)

   It reduces the magical energy of the wielder, and disrupts the spells and
   magical abilities of those hit.
   Natural abilities and divine invocations are not affected.
   It insulates you from electricity.
Armour
 b - a +0 pair of gloves (melded)
 c - a +1 shield (worn)
 k - a +0 plate armour (melded)
 y - a +0 cloak (melded)
Jewellery
 z - a cursed ring of attention (left branch)
Scrolls
 l - 3 scrolls of enchant weapon
 p - a scroll of summoning
 r - 4 scrolls of amnesia
 t - 2 scrolls of enchant armour
 v - a scroll of holy word
Potions
 d - a potion of lignification
 g - 4 potions of curing
 h - a potion of invisibility {unknown}
 i - 2 potions of heal wounds {unknown}
 m - a potion of flight {unknown}
 n - a potion of cancellation {unknown}
 o - 3 potions of brilliance {unknown}
 q - 2 potions of agility {unknown}
 s - a potion of berserk rage {unknown}
 u - 3 potions of mutation {!q}
Comestibles
 f - 18 rations


   Skills:
 - Level 4.0 Fighting
 + Level 8.7 Axes
 - Level 4.0 Armour
 - Level 9.1 Shields


You had 8 spell levels left.
You didn't know any spells.
Your spell library was empty.

Dungeon Overview and Level Annotations

Branches:
Dungeon (7/15)             Temple (1/1) D:6

Altars:
Ashenzari
Dithmenos
Elyvilon
Gozag
Hepliaklqana
Makhleb
Okawaru
Sif Muna
Uskayaw
Yredelemnul

Shops:
D:6 *

Annotations:
D:7 exclusion: 2 plants


Innate Abilities, Weirdness & Mutations

You cannot be hasted, slowed, berserked, paralysed or teleported.
You can dig through walls and to a lower floor.
Your four strong arms can wield two-handed weapons with a shield.
((You have a pair of large antennae on your head. (SInv)))


Message History

Lightning courses through the hippogriff!
The hippogriff is heavily wounded.
You block the hippogriff's attack. The hippogriff pecks you.
* * * LOW HITPOINT WARNING * * *
You block the hippogriff's attack.
Wield which item (- for none, * to show all)? (? for menu, Esc to quit)
Okay, then.
It was a potion of lignification.
You turn into a tree.
Your +0 cloak melds into your body.
Your +0 pair of gloves melds into your body.
Your +0 plate armour melds into your body.
Your roots penetrate the ground.
The hippogriff bites you but does no damage.
You block the hippogriff's attack.
The hippogriff claws you but does no damage.
Wield which item (- for none, * to show all)? (? for menu, Esc to quit)
The +4 great sword "Tuzxeskio" {elec, +Fly} stops crackling.
a - a +0 war axe (weapon)
The hippogriff bites you!
You die...

◦◦◦░◦░░░░◦░◦{░░···░░◦◦░◦░ ░░░░░◦
◦░░░◦░ ░◦░{{◦░▒·▒░{◦◦░◦░ ░░ ◦░
░◦░ ░◦░░◦◦◦▒·▒{{◦░░◦░ ░◦ ◦░ ░◦░
░◦◦░░◦╬▒·▒╬◦░░◦·▒░░░░░░░◦
◦░░░◦░░░░◦··▒▒▒···▒▒▒···▒░◦◦◦◦░░◦
◦◦◦◦◦◦◦░◦◦······8········░◦░░◦░░◦
◦◦◦◦◦◦◦◦>◦◦◦░░▒·g·▒░░◦◦◦◦◦◦░░◦░░◦
◦◦◦◦◦◦◦◦◦◦◦░░◦╬▒H▒'·▒░◦◦░░◦░░◦◦◦◦
◦◦◦◦◦◦◦◦◦◦░░◦◦{▒♣▒·g·▒░◦░◦◦░░░░◦░
◦◦░░░░░░░◦░◦◦◦▒▒·▒▒···▒◦░◦░░ ░◦◦
◦◦◦░░░░░▒·░◦{▒▒···▒▒·$▒◦░◦░ ░◦◦
◦◦◦░◦·◦░▒·▒▒▒▒·····▒▒▒▒◦░◦░░░░░◦◦
░░◦░░◦·▒▒··············◦░◦░░◦░░◦◦
░░◦◦◦◦···········▒▒▒▒▒▒░░◦◦◦◦░░◦◦
◦◦◦◦◦··▒▒···▒▒··▒▒▒▒▒▒▒▒▒▒▒▒◦░░◦≈
◦◦◦◦◦·······▒▒·▒▒▒·········▒◦░░◦≈
◦◦◦◦◦◦·▒▒······▒▒···▒▒▒▒▒▒·▒◦◦◦◦≈


You could see a hippogriff and a gnoll.

Vanquished Creatures
  An orc warrior (D:7)
  A sky beast (D:5)
  A phantom (D:5)
  A centaur (D:5)
  3 ogres
  An elf zombie (Ossuary)
  A bullfrog (D:7)
  A howler monkey (D:5)
  An electric eel (D:7)
  3 crimson imps
  A centaur zombie (Ossuary)
  A human zombie (Ossuary)
  2 hounds (D:5)
  A jelly (D:6)
  5 orc priests
  A bullfrog skeleton (D:4)
  3 worker ants
  3 orc wizards
  A big kobold zombie (Ossuary)
  2 mummies (Ossuary)
  2 hound skeletons
  Robin (D:4)
  9 adders
  4 oozes
  3 adder zombies (Ossuary)
  3 adder skeletons
  2 worms
  A dart slug (D:2)
  5 leopard geckos
  9 orcs
  2 ball pythons
  5 giant cockroaches
  14 goblins
  6 hobgoblins
  4 jackals (D:2)
  5 kobolds
  2 quokkas (D:3)
  4 bats
  6 frilled lizards
  2 goblin zombies (Ossuary)
  6 hobgoblin zombies (Ossuary)
  A jackal zombie (Ossuary)
  14 kobold zombies (Ossuary)
  6 orc zombies (Ossuary)
  A quokka zombie (D:6)
  2 rats
153 creatures vanquished.

Vanquished Creatures (others)
  An orc wizard (D:5)
1 creature vanquished.

Grand Total: 154 creatures vanquished

Notes
Turn   | Place    | Note
-------+----------+-------------------------------------------
     0 | D:1      | Azzok the Formicid Fighter began the quest for the Orb.
     0 | D:1      | Reached XP level 1. HP: 18/18 MP: 1/1
   111 | D:1      | Reached XP level 2. HP: 18/24 MP: 2/2
   116 | D:1      | Reached skill level 4 in Shields
   455 | D:1      | Reached XP level 3. HP: 29/29 MP: 3/3
   980 | D:1      | Reached XP level 4. HP: 15/35 MP: 4/4
  1324 | D:2      | Found a hide-covered altar of Uskayaw.
  1523 | D:2      | Reached skill level 5 in Shields
  1915 | D:2      | Found a burning altar of Makhleb.
  2604 | D:4      | Reached XP level 5. HP: 40/41 MP: 5/5
  2651 | D:4      | Found a sand-covered staircase.
  2675 | Ossuary  | Entered an ossuary
  2803 | Ossuary  | Reached XP level 6. HP: 23/47 MP: 6/6
  2805 | Ossuary  | Reached skill level 6 in Shields
  3063 | D:4      | Noticed an ogre
  3104 | D:3      | Reached skill level 5 in Axes
  3104 | D:3      | Reached XP level 7. HP: 41/52 MP: 7/7
  3174 | D:3      | Reached skill level 7 in Shields
  3529 | D:4      | Noticed Robin
  3550 | D:4      | Killed Robin
  4202 | D:4      | Reached XP level 8. HP: 58/58 MP: 8/8
  4244 | D:4      | Reached skill level 8 in Shields
  4405 | D:5      | Entered Level 5 of the Dungeon
  4443 | D:5      | Identified a scroll of acquirement
  4446 | D:5      | Got an ichor-stained great sword
  4716 | D:5      | Found a hazy altar of Hepliaklqana.
  4884 | D:5      | Reached skill level 9 in Shields
  5101 | D:5      | Identified the +4 great sword "Tuzxeskio" {elec, +Fly} (You
                  | acquired it on level 5 of the Dungeon)
  5289 | D:6      | Found Ussumead's Assorted Antiques.
  5356 | D:6      | Found a staircase to the Ecumenical Temple.
  5399 | Temple   | Entered the Ecumenical Temple
  5512 | Temple   | Became a worshipper of Warmaster Okawaru
  5905 | D:7      | Reached XP level 9. HP: 65/65 MP: 9/9
  6272 | D:7      | Got an encrusted rapier
  6387 | D:7      | Noticed a hippogriff
  6395 | D:7      | HP: 3/65 [hippogriff (4)]
  6397 | D:7      | Slain by a hippogriff

Levels and vault maps discovered:
D:1:      lemuel_arrival_hallway, layout_loops_ring, minmay_cupped
D:2:      layout_rooms, nicolae_overflow_hidden_temple, marbit_many_paths,
          minmay_misc_feat_enclosed, kennysheep_decorative_pillar, minivault_5,
          minmay_stone_trees_large
D:3:      wander_river, layout_basic, first_ration, hex_tiny
D:4:      layout_basic, nicolae_ossuary_entry_ruins, uniq_robin
D:5:      layout_loops_cross, lemuel_doored_altar
D:6:      layout_rooms, minmay_temple_entry_mini_moons, serial_shops, shop
D:7:      cheibrodos_barr_body, layout_basic, lemuel_round_altar,
          lemuel_crystal_altar, gammafunk_temple_overflow_statue, serial_bayou,
          serial_bayou_crossing, serial_bayou_pond_e, serial_bayou_pond_b,
          serial_bayou_lagoon_a, ldierk_geyser, fountainhead, uniq_harold
Temple:   minmay_temple_curvy_loop

Skill      XL: |  1  2  3  4  5  6  7  8  9 |
---------------+----------------------------+-----
Shields        | 4 5 6 7 9 |  9.1
Axes           | 3 4 5 6 7 8 |  8.7
Armour         | 4 |  4.0
Fighting       | 4 |  4.0

Action                   |  1- 3 |  4- 6 |  7- 9 || total
-------------------------+-------+-------+-------++-------
Melee: War axe           |    73 |   192 |   180 ||   445
       Great sword       |       |       |    73 ||    73
  Use: Potion            |       |     1 |     1 ||     2
       Scroll            |       |       |    15 ||    15
  Eat: Chunk             |       |     7 |    11 ||    18
Armor: Scale mail        |    23 |       |       ||    23
       Plate armour      |    32 |   100 |   144 ||   276
       Skin              |       |       |     2 ||     2
Dodge: Dodged            |    20 |    28 |    57 ||   105
Block: Shield            |    54 |   119 |   164 ||   337
       Rpst.: Great sword |       |       |     6 ||     6

Table legend:
 A = Non-vault XP
 B = Vault XP
 C = Vault XP percentage of total XP
 D = Non-vault monster count
 E = Vault monster count
 F = Vault count percentage of total count
                 A         B        C        D         E       F
            +---------+---------+-------+---------+---------+-------
      Total |    2022 |     473 |  19.0 |      97 |      57 |  37.0
            +---------+---------+-------+---------+---------+-------
        D:1 |      63 |       5 |   7.4 |      19 |       4 |  17.4
        D:2 |      58 |       2 |   3.3 |      17 |       1 |   5.6
        D:3 |     163 |       0 |   0.0 |       8 |       0 |   0.0
        D:4 |     468 |      38 |   7.5 |      19 |      13 |  40.6
        D:5 |     636 |       0 |   0.0 |      16 |       0 |   0.0
        D:6 |     255 |       0 |   0.0 |      11 |       0 |   0.0
        D:7 |     379 |     125 |  24.8 |       7 |       1 |  12.5
    Ossuary |       0 |     303 | 100.0 |       0 |      38 | 100.0
            +---------+---------+-------+---------+---------+-------
